 Dungeon Crawl Stone Soup version 0.26.0-18-gc5c842f807 (webtiles) character file.

Game seed: 2139073555943063361

145 howech the Chiller (level 5, 0/35 (38) HPs)
             Began as a Draconian Ice Elementalist on Jan 22, 2021.
             Was an Initiate of Sif Muna.
             Slain by an orc wizard
             ... wielding a +0 dagger
              (5 damage)
             ... on level 3 of the Dungeon.
             The game lasted 00:08:04 (2610 turns).

howech the Chiller (Draconian Ice Elementalist)     Turns: 2610, Time: 00:08:05

HP:   0/35 (38)     AC:  5    Str: 10    XL:     5   Next: 6%
MP:   7/9           EV: 12    Int: 17    God:    Sif Muna [......]
Gold: 104           SH:  0    Dex: 11    Spells: 6/10 levels left

rFire    . . .     SeeInvis .   l - +2 trident (flame)
rCold    . . .     Faith    .   (no shield)
rNeg     . . .     Spirit   .   (armour unavailable)
rPois    .         Reflect  .   (helmet restricted)
rElec    .         Harm     .   (no cloak)
rCorr    .         Rampage  .   (no gloves)
Will     .....                  (no boots)
Stlth    +.........             (no amulet)
HPRegen  0.11/turn              (no ring)
MPRegen  0.11/turn              (no ring)

@: confused, drained
A: unfitting armour, cold-blooded, AC +5
a: Renounce Religion


You were on level 3 of the Dungeon.
You worshipped Sif Muna.
Sif Muna was noncommittal.
You visited 1 branch of the dungeon, and saw 3 of its levels.

You collected 104 gold pieces.

Inventory:

Hand Weapons
 l - a +2 trident of flaming (weapon)
 r - a +0 short sword
Missiles
 k - 12 poisoned darts
Armour
 i - a +0 pair of gloves
Jewellery
 d - an uncursed amulet of reflection {unknown}
 j - an uncursed ring of stealth {unknown}
 q - a cursed ring of teleportation {unknown}
Scrolls
 a - 3 scrolls of identify {unknown}
 c - a scroll of enchant weapon {unknown}
 f - a scroll of teleportation {unknown}
 g - a scroll of fog {unknown}
 h - a scroll of remove curse {unknown}
Potions
 b - a potion of curing {unknown}
 e - 2 potions of might {unknown}
 m - a potion of haste {unknown}
 n - a potion of degeneration {unknown}
 o - a potion of magic {unknown}
 p - a potion of invisibility {unknown}


   Skills:
 + Level 0.1 Fighting
 + Level 0.1 Polearms
 + Level 2.0 Dodging
 + Level 1.9 Stealth
 + Level 3.2 Spellcasting
 * Level 5.4 Ice Magic


You had 6 spell levels left.
You knew the following spells:

 Your Spells              Type           Power        Failure   Level
a - Freeze                Ice            84%          1%          1
b - Frozen Ramparts       Ice            42%          5%          3

Your spell library contained the following spells:

 Spells                   Type           Power        Failure   Level
 Ozocubu's Armour         Ice            21%          5%          3
 Hailstorm                Conj/Ice       12%          50%         4
 Summon Ice Beast         Ice/Summ       12%          50%         4


Dungeon Overview and Level Annotations

Branches:
Dungeon (3/15)

Altars:
Sif Muna


Innate Abilities, Weirdness & Mutations

Your plain brown scales are hard. (AC +5)
You cannot fit into any form of body armour.
You are cold-blooded and may be slowed by cold attacks.


Message History

You kill the orc!
Sif Muna accepts your kill.
You hear some strange, mumbled words.
A magic dart appears from out of thin air!
The magic dart hits you.
You miss something.
The orc priest calls down the wrath of Beogh upon you.
Beogh smites you!
* * * LOW HITPOINT WARNING * * *
Something hits you but does no damage.
You closely miss something.
You hear some strange, mumbled words.
You are confused.
You miss something. Something barely misses you.
The orc priest calls down the wrath of Beogh upon you.
Something hits you.
* * * LOW HITPOINT WARNING * * *
Unknown command.
You bump into the rock wall.
Something hits you.
You die...

.# ≈ .# ♣. .# ##⌠#
###.### #... .....
#.. #.#.# ##.#
##.#####o#)### ...#
## #.....@{o)...#
#### #.#
#..#####b#.#.# ##
#.###..#####.#.#
#.###...........#..
#<#.##############o
#.## .o #.# .#
######.# $#
#......#


You could see 2 orc priests and a bat.

Vanquished Creatures
  Robin (D:2)
  6 adders
  An ooze (D:2)
  2 worms (D:2)
  3 leopard geckos
  An orc (D:3)
  3 giant cockroaches
  6 hobgoblins
  A ball python (D:1)
  2 bats
  2 frilled lizards
  6 goblins (D:2)
  11 kobolds
  2 rats (D:2)
47 creatures vanquished.

Vanquished Creatures (others)
  An orc wizard (D:3)
1 creature vanquished.

Grand Total: 48 creatures vanquished

Notes
Turn   | Place    | Note
-------+----------+-------------------------------------------
     0 | D:1      | howech the Draconian Ice Elementalist began the quest for
                  | the Orb.
     0 | D:1      | Reached XP level 1. HP: 14/14 MP: 3/3
   365 | D:1      | Reached XP level 2. HP: 20/20 MP: 1/5
   823 | D:2      | Reached XP level 3. HP: 14/26 MP: 0/6
  1217 | D:2      | Noticed Robin
  1434 | D:2      | Reached skill level 5 in Ice Magic
  1434 | D:2      | Reached XP level 4. HP: 33/33 MP: 4/8
  1538 | D:2      | Learned a level 3 spell: Frozen Ramparts
  1590 | D:2      | Killed Robin
  2136 | D:2      | Found a shimmering blue altar of Sif Muna.
  2142 | D:2      | Became a worshipper of Sif Muna the Loreminder
  2603 | D:3      | Reached XP level 5. HP: 21/34 MP: 6/9
  2610 | D:3      | Slain by an orc wizard

Illustrated notes

Levels and vault maps discovered:
D:1:      dpeg_arrival_tiny_a, layout_basic, glass_columns_a
D:2:      layout_loops_ring, led_sif_pool, uniq_robin
D:3:      layout_loops_cross, xom_redecorated

Skill      XL: |  1  2  3  4 |
---------------+-------------+-----
Ice Magic      | 5 |  5.4
Spellcasting   | 3 |  3.2
Dodging        | 2 |  2.0
Fighting       | |  0.1
Polearms       | |  0.1
Stealth        | |  1.9

Action                   |  1- 3 |  4- 6 || total
-------------------------+-------+-------++-------
Melee: Unarmed           |     9 |       ||     9
       Tailslap          |     3 |     1 ||     4
       Trident           |       |    25 ||    25
 Cast: Freeze            |    52 |    15 ||    67
       Frozen Ramparts   |       |     3 ||     3
 Stab: Sleeping          |       |     3 ||     3
Armor: Skin              |     9 |    10 ||    19
Dodge: Dodged            |    23 |    18 ||    41
